 Dungeon Crawl Stone Soup version 0.16.0-17-g811c1d7 (webtiles) character file.

151 valak23 the Sneak (level 5, -2/35 HPs)
             Began as an Octopode Assassin on Mar 21, 2015.
             Was an Initiate of Okawaru.
             Slain by an orc priest
             ... wielding a +0 flail
              (4 damage)
             ... on level 4 of the Dungeon.
             The game lasted 00:06:42 (2198 turns).

valak23 the Sneak (Octopode Assassin)               Turns: 2198, Time: 00:06:42

Health: -2/35      AC:  1    Str: 14    XL:     5   Next: 33%
Magic:  5/5        EV: 12    Int: 13    God:    Okawaru [......]
Gold:   193        SH:  0    Dex: 14    Spells: 1 memorised, 3 levels left

rFire  . . .     SeeInvis .     a - +2 dagger
rCold  . . .     Clarity  .     (no shield)
rNeg   . . .     SustAb   .     (helmet restricted)
rPois  .         Gourm    .     u - amulet of stasis
rElec  .         Spirit   .     y - +3 ring of strength
rCorr  .         Warding  .     (no ring)
rMut   .         Stasis   +     (no ring)
MR     .....                    (no ring)
Stlth  +++++.....               (no ring)
                                (no ring)
                                (no ring)
                                (no ring)

@: not resistant to hostile enchantments, quite stealthy
A: almost no armour, amphibious, 8 rings, constrict 8, camouflage 1, gelatinous
body 1
a: Renounce Religion


You were on level 4 of the Dungeon.
You worshipped Okawaru.
Okawaru was noncommittal.
You were not hungry.

You visited 1 branch of the dungeon, and saw 4 of its levels.

You collected 193 gold pieces.

Inventory:

Hand weapons
 a - a +2 dagger (weapon)
 b - a +0 blowgun
Missiles
 e - 47 poisoned needles
 f - 2 curare-tipped needles
Jewellery
 p - an uncursed amulet of rage
 u - an amulet of stasis (around mantle)
 y - a +3 ring of strength (left tentacle)
Magical devices
 r - a wand of frost (34)
Scrolls
 c - a scroll of noise {unknown}
 d - a scroll of recharging
 j - 3 scrolls of random uselessness
 l - a scroll of blinking
 n - a scroll of amnesia {unknown}
 o - 2 scrolls of remove curse
 x - a scroll of fog {unknown}
 z - a scroll of magic mapping
 A - a scroll of identify
Potions
 h - a potion of lignification {unknown}
 i - a potion of might {unknown}
 k - a potion of flight {unknown}
 m - a potion of heal wounds {unknown}
 s - a potion of restore abilities {unknown}
 v - 2 potions of invisibility {unknown}
 w - a potion of haste {unknown}
Books
 C - a book of Maledictions

   Spells                             Type                      Level
   a - Corona                         Hexes                        1
   b - Sure Blade                     Hexes/Charms                 2
   c - Ensorcelled Hibernation        Hexes/Ice                    2
   d - Confuse                        Hexes                        3
   e - Dazzling Spray                 Conjuration/Hexes            3
   f - Enslavement                    Hexes                        4
Comestibles
 g - 2 bread rations
 q - 4 meat rations
 t - 2 royal jellies
 B - 3 fruits


   Skills:
 + Level 2.4 Fighting
 + Level 2.7 Short Blades
 + Level 2.3 Throwing
 + Level 1.3 Dodging
 + Level 7.8 Stealth


You had 3 spell levels left.
You knew the following spells:

 Your Spells              Type           Power        Failure   Level  Hunger
a - Corona                Hex            #......      30%         1    ##.....


Dungeon Overview and Level Annotations

Branches:
Dungeon (4/15)
 Temple: D:4-7

Altars:
Okawaru
Qazlal


Innate Abilities, Weirdness & Mutations

You cannot wear most types of armour.
You are amphibious.
You can wear up to eight rings at the same time.
You can use your tentacles to constrict many enemies at once.
Your skin changes colour to match your surroundings (Stealth).
Your rubbery body absorbs attacks (AC +1).


Message History

You completely miss the orc priest. Your grab misses the orc priest.
The orc misses you. The orc priest hits you with a flail!
You hit the orc wizard but do no damage.
You grab the orc wizard. Your squeeze misses the orc wizard.
You constrict the orc wizard. The orc wizard closely misses you.
The orc hits you with a flail! The orc priest hits you with a flail.
You hit the orc wizard.
The orc wizard is moderately wounded.
You constrict the orc wizard. The orc hits you with a flail.
* * * LOW HITPOINT WARNING * * *
The orc closely misses you. The orc wizard closely misses you.
The orc misses you.
You are too injured to fight recklessly!
You are too injured to fight recklessly!
You are too injured to fight recklessly!
You release your grip on the orc wizard.
The orc hits you with a flail.
* * * LOW HITPOINT WARNING * * *
The orc priest hits you with a flail.
You die...

.....# ......#
.
.......####..
......!.....#
............+
............#
........o....#
......oooo...#
.........@...#
....###+#....#
. #....+
+....###+##
#....<....#
###+#.....+
+.....#
#........
#..(.....


You could see an orc priest, an orc wizard and 3 orcs.

Vanquished Creatures
  An orc wizard (D:3)
  4 adders (D:3)
  A giant mite (D:2)
  A worm (D:2)
  4 giant geckos
  5 orcs (D:3)
  6 bats
  4 giant cockroaches
  6 goblins
  8 hobgoblins
  5 jackals (D:2)
  10 kobolds
  A quokka (D:3)
  2 giant newts
  8 rats
66 creatures vanquished.

Notes
Turn   | Place    | Note
--------------------------------------------------------------
     0 | D:1      | valak23, the Octopode Assassin, began the quest for the Orb.
     0 | D:1      | Reached XP level 1. HP: 14/14 MP: 1/1
   107 | D:1      | Reached XP level 2. HP: 19/19 MP: 2/2
   195 | D:1      | Reached skill level 6 in Stealth
   382 | D:1      | Reached XP level 3. HP: 24/24 MP: 3/3
   879 | D:2      | Found an iron altar of Okawaru.
   906 | D:2      | Became a worshipper of Warmaster Okawaru
  1164 | D:2      | Reached XP level 4. HP: 29/29 MP: 4/4
  1473 | D:3      | Reached skill level 7 in Stealth
  1763 | D:3      | Reached XP level 5. HP: 35/35 MP: 5/5
  2033 | D:3      | Learned a level 1 spell: Corona
  2152 | D:2      | Found a stormy altar of Qazlal.
  2198 | D:4      | Slain by an orc priest

Action                   |  1- 3 |  4- 6 || total
-------------------------+-------+-------++-------
Melee: Dagger            |    58 |    45 ||   103
  Use: Scroll            |       |     6 ||     6
 Stab: Sleeping          |    16 |    12 ||    28
       Distracted        |     4 |       ||     4
  Eat: Bread ration      |       |     1 ||     1
